 Dungeon Crawl Stone Soup version 0.27.0-1-g7a089689b8 (webtiles) character file.

Game seed: 10982720201340390650

457 ZombieSheep the Quickloader (level 7, 0/56 HPs)
             Began as a Gnoll Hunter on Aug 7, 2021.
             Succumbed to a scorpion's poison
             ... on level 4 of the Dungeon.
             The game lasted 00:07:45 (5012 turns).

ZombieSheep the Quickloader (Gnoll Hunter)          Turns: 5012, Time: 00:07:46

Health: 0/56       AC:  8    Str: 11    XL:     7   Next: 6%
Magic:  0/10       EV: 11    Int: 13    God:
Gold:   210        SH:  0    Dex: 12    Spells: 10/10 levels left

rFire    . . .     SeeInvis .   b - +0 quick blade
rCold    . . .     Faith    .   (no shield)
rNeg     . . .     Spirit   +   s - +0 ring mail
rPois    .         Reflect  .   l - +2 helmet
rElec    .         Harm     .   (no cloak)
rCorr    .         Rampage  .   (no gloves)
Will     .....                  (no boots)
Stlth    ++........             m - amulet of guardian spirit
HPRegen  0.18/turn              (no ring)
MPRegen  0.12/turn              (no ring)

@: lethally poisoned (0 -> -3)
A: fangs 1, strong nose, distributed training
a: no special abilities


You were on level 4 of the Dungeon.
You visited 1 branch of the dungeon, and saw 4 of its levels.

You collected 210 gold pieces.

Inventory:

Hand Weapons
 a - a +1 hand crossbow
 b - a +0 quick blade (weapon)
 i - a +1 short sword of venom
 p - a +2 dagger of draining
Missiles
 d - 28 bolts
Armour
 l - a +2 helmet (worn)
 s - a +0 ring mail (worn)
Jewellery
 m - an amulet of guardian spirit (around neck)
Scrolls
 h - a scroll of teleportation
 q - a scroll of fear
Potions
 e - 2 potions of curing
 f - a potion of haste
 g - a potion of might
 j - a potion of brilliance {unknown}


   Skills:
 + Level 5.1 Fighting
 + Level 2.2 Short Blades
 + Level 2.2 Long Blades
 + Level 2.2 Axes
 + Level 2.2 Maces & Flails
 + Level 2.2 Polearms
 + Level 2.2 Staves
 + Level 2.2 Slings
 + Level 2.2 Bows
 + Level 8.8 Crossbows
 + Level 2.2 Throwing
 + Level 2.2 Armour
 + Level 5.1 Dodging
 + Level 3.3 Stealth
 + Level 2.2 Shields
 + Level 2.2 Unarmed Combat
 + Level 2.2 Spellcasting
 + Level 1.8 Conjurations
 + Level 1.8 Hexes
 + Level 1.8 Summonings
 + Level 1.8 Necromancy
 + Level 1.8 Translocations
 + Level 1.8 Transmutations
 + Level 1.8 Fire Magic
 + Level 1.8 Ice Magic
 + Level 1.8 Air Magic
 + Level 1.8 Earth Magic
 + Level 1.8 Poison Magic
 + Level 2.5 Invocations
 + Level 2.2 Evocations


You had 10 spell levels left.
You didn't know any spells.
Your spell library contained the following spells:

 Spells                   Type           Power      Damage    Failure   Level
 Sting                    Tmut/Pois      24%        1d4       28%         1
 Poisonous Vapours        Pois/Air       12%        N/A       38%         2
 Ozocubu's Armour         Ice            6%         N/A       63%         3
 Olgreb's Toxic Radiance  Pois           6%         N/A       95%         4
 Metabolic Englaciation   Hex/Ice        3%         N/A       100%        5
 Summon Forest            Summ/Tloc      3%         N/A       100%        5
 Eringya's Noxious Bog    Tmut/Pois      3%         N/A       100%        6
 Simulacrum               Ice/Necr       3%         N/A       100%        6
 Summon Hydra             Summ           3%         N/A       100%        7


Dungeon Overview and Level Annotations

Branches:
Dungeon (4/15)
 Temple: D:4-7

Altars:


Innate Abilities, Weirdness & Mutations

You have very sharp teeth.
Your uncanny sense of smell can sniff out nearby items.
Your experience applies equally to all skills.


Message History

You hit the scorpion but do no damage.
The scorpion is heavily wounded.
You feel sick.
You hit the scorpion but do no damage. Your bite misses the scorpion.
The scorpion is heavily wounded.
You feel sick. The scorpion stings you.
You hit the scorpion but do no damage.
The scorpion is heavily wounded.
You feel sick. The scorpion stings you.
You hit the scorpion but do no damage.
You bite the scorpion, but do no damage.
The scorpion is heavily wounded.
You feel sick.
You hit the scorpion.
The scorpion is heavily wounded.
You feel sick. The scorpion stings you!
* * * LOW HITPOINT WARNING * * *
You hit the scorpion.
You bite the scorpion, but do no damage.
The scorpion is severely wounded.
You feel sick. The scorpion barely misses you.
You closely miss the scorpion.
The scorpion is severely wounded.
You feel sick.
You hit the scorpion but do no damage.
The scorpion is severely wounded.
You feel sick. The scorpion barely misses you.
You hit the scorpion.
The scorpion is almost dead.
You feel sick.
The scorpion stings you but does no damage.
You hit the scorpion.
The scorpion is almost dead.
You feel sick. The scorpion stings you!
* * * LOW HITPOINT WARNING * * *
You closely miss the scorpion.
The scorpion is almost dead.
You barely miss the scorpion. Your bite misses the scorpion.
The scorpion is almost dead.
You die...

###############
####.......#..#..##
###########......#..........#
.....)...##......+........<.#
...#.....###.##.####...##..####
#.#.......##.##.####+####..##.##
.#...#..........@..............#
)#..#............s...[.........#
.###...#.....##+#########......#
#..#..#......##...##..^##.....###
...###.............#...##.....##.
..#...#........)...'.............
.#.....#...........#.....(.......
#..........####.####..###...####.
.#.....#...####'####..###>..#####


You could see a scorpion.

Vanquished Creatures
  A black bear (D:4)
  An ogre (D:4)
  A scorpion (D:4)
  2 jellies (D:4)
  An iguana (D:4)
  4 adders
  An adder skeleton (D:4)
  3 worms
  A dart slug (D:2)
  5 orcs
  6 ball pythons
  8 endoplasms
  A giant cockroach (D:2)
  12 hobgoblins
  2 jackals (D:1)
  10 kobolds
  5 quokkas
  7 bats
  A frilled lizard (D:3)
  11 goblins
  8 rats
91 creatures vanquished.

Notes
Turn   | Place    | Note
-------+----------+-------------------------------------------
     0 | D:1      | ZombieSheep the Gnoll Hunter began the quest for the Orb.
     0 | D:1      | Reached XP level 1. HP: 20/20 MP: 1/1
   327 | D:1      | Reached XP level 2. HP: 12/26 MP: 2/2
  1057 | D:1      | Reached XP level 3. HP: 23/31 MP: 3/3
  1655 | D:2      | Reached skill level 1 in Invocations
  1848 | D:2      | Reached skill level 1 in Short Blades
  1848 | D:2      | Reached skill level 1 in Long Blades
  1848 | D:2      | Reached skill level 1 in Axes
  1848 | D:2      | Reached skill level 1 in Maces & Flails
  1848 | D:2      | Reached skill level 1 in Polearms
  1848 | D:2      | Reached skill level 1 in Staves
  1848 | D:2      | Reached skill level 1 in Slings
  1848 | D:2      | Reached skill level 1 in Bows
  1848 | D:2      | Reached skill level 1 in Throwing
  1848 | D:2      | Reached skill level 1 in Armour
  1848 | D:2      | Reached skill level 1 in Shields
  1848 | D:2      | Reached skill level 1 in Unarmed Combat
  1848 | D:2      | Reached skill level 1 in Spellcasting
  1848 | D:2      | Reached skill level 1 in Evocations
  1877 | D:2      | Reached XP level 4. HP: 32/38 MP: 5/5
  2767 | D:3      | Reached skill level 1 in Conjurations
  2767 | D:3      | Reached skill level 1 in Hexes
  2767 | D:3      | Reached skill level 1 in Summonings
  2767 | D:3      | Reached skill level 1 in Necromancy
  2767 | D:3      | Reached skill level 1 in Translocations
  2767 | D:3      | Reached skill level 1 in Transmutations
  2767 | D:3      | Reached skill level 1 in Fire Magic
  2767 | D:3      | Reached skill level 1 in Ice Magic
  2767 | D:3      | Reached skill level 1 in Air Magic
  2767 | D:3      | Reached skill level 1 in Earth Magic
  2767 | D:3      | Reached skill level 1 in Poison Magic
  3110 | D:3      | Found a faded altar of an unknown god.
  3478 | D:3      | Reached XP level 5. HP: 43/43 MP: 6/6
  3722 | D:4      | Noticed an ogre
  3727 | D:4      | Killed an ogre
  3728 | D:4      | Reached XP level 6. HP: 19/50 MP: 3/8
  4070 | D:4      | Noticed a black bear
  4073 | D:4      | Killed a black bear
  4074 | D:4      | Reached skill level 5 in Fighting
  4074 | D:4      | Reached skill level 5 in Dodging
  4562 | D:4      | Reached XP level 7. HP: 12/56 MP: 3/10
  5010 | D:4      | HP: 1/56 [scorpion (4)]
  5012 | D:4      | Succumbed to a scorpion's poison

Illustrated notes

Levels and vault maps discovered:
D:1:      minmay_arrival_solitary_statue, layout_basic
D:2:      layout_rooms, kennysheep_generic_room_5
D:3:      layout_basic, hellmonk_ecumenical_altar_run_dry
D:4:      layout_gridville, minmay_splitting_lines

Skill      XL: |  1  2  3  4  5  6 |
---------------+-------------------+-----
Invocations    | 1 2 |  2.5
Short Blades   | 1 2 |  2.2
Long Blades    | 1 2 |  2.2
Axes           | 1 2 |  2.2
Maces & Flails | 1 2 |  2.2
Polearms       | 1 2 |  2.2
Staves         | 1 2 |  2.2
Slings         | 1 2 |  2.2
Bows           | 1 2 |  2.2
Throwing       | 1 2 |  2.2
Armour         | 1 2 |  2.2
Shields        | 1 2 |  2.2
Unarmed Combat | 1 2 |  2.2
Spellcasting   | 1 2 |  2.2
Evocations     | 1 2 |  2.2
Conjurations   | 1 |  1.8
Hexes          | 1 |  1.8
Summonings     | 1 |  1.8
Necromancy     | 1 |  1.8
Translocations | 1 |  1.8
Transmutations | 1 |  1.8
Fire Magic     | 1 |  1.8
Ice Magic      | 1 |  1.8
Air Magic      | 1 |  1.8
Earth Magic    | 1 |  1.8
Poison Magic   | 1 |  1.8
Stealth        | 3 |  3.3
Fighting       | 5 |  5.1
Dodging        | 5 |  5.1
Crossbows      | |  8.8

Action                   |  1- 3 |  4- 6 |  7- 9 || total
-------------------------+-------+-------+-------++-------
Melee: Short sword       |    27 |       |       ||    27
       Bite              |     9 |    20 |     4 ||    33
       Quick blade       |   147 |   247 |    45 ||   439
       Punch             |       |     2 |       ||     2
 Fire: Hand crossbow     |    15 |     4 |       ||    19
Evoke: Wand              |       |    10 |       ||    10
  Use: Scroll            |     3 |     7 |       ||    10
 Stab: Sleeping          |     3 |     6 |       ||     9
Armor: Leather armour    |    30 |    50 |       ||    80
       Ring mail         |       |     3 |     6 ||     9
Dodge: Dodged            |    76 |   102 |     9 ||   187
